 Dungeon Crawl Stone Soup version 0.32-a0-898-g7811c86cf0 (webtiles) character file.

Game seed: 1824927765942222947

35 Biggs the Shooter (level 3, -9/27 HPs)
             Began as a Coglin Hunter on Apr 4, 2024.
             Mangled by an ogre
             ... wielding a +0 giant club
              (36 damage)
             ... on level 4 of the Dungeon.
             The game lasted 00:01:05 (499 turns).

Biggs the Shooter (Coglin Hunter)                    Turns: 499, Time: 00:01:06

Health: -9/27      AC:  3    Str: 11    XL:     3   Next: 35%
Magic:  3/3        EV: 11    Int:  8    God:
Gold:   54         SH:  0    Dex: 19    Spells: 2/2 levels left

rFire   . . .        a - +2 sling {Fredrik}
rCold   . . .        d - +0 sling {Wira}
rNeg    . . .        c - +0 leather armour
rPois   .            (no helmet)
rElec   .            (no cloak)
rCorr   .            (no gloves)
SInv    .            (no boots)
Will    .....        (amulet unavailable)
Stlth   ++           (ring unavailable)
HPRegen 0.24/turn    (ring unavailable)
MPRegen 0.08/turn    (no gizmo)

%: no passive effects
@: no status effects
A: off-hand wielding, slow wielding, warmup strikes, no jewellery
a: Invent Gizmo


You were on level 4 of the Dungeon.
You visited 1 branch of the dungeon, and saw 3 of its levels.

You collected 54 gold pieces.

Inventory:

Hand Weapons
 a - a +2 sling (weapon) {Fredrik}
 d - a +0 sling (offhand) {Wira}
Armour
 c - a +0 leather armour (worn)
Scrolls
 b - a scroll of butterflies
 g - a scroll of blinking {unknown}
Potions
 e - a potion of degeneration {unknown}
 f - a potion of curing {unknown}


   Skills:
 - Level 2.0 Fighting
 + Level 4.6 Ranged Weapons
 - Level 1.7 Dodging
 - Level 0.7 Stealth


You had 2 spell levels left.
You didn't know any spells.
Your spell library contained the following spells:

 Spells                   Type           Power      Damage    Failure   Level
 Summon Small Mammal      Summ           0%         N/A       50%         1
 Call Canine Familiar     Summ           0%         N/A       86%         3
 Summon Blazeheart Golem  Fire/Summ      0%         N/A       99%         4


Dungeon Overview and Level Annotations

Branches:
Dungeon (2/15)

Altars:

Shops:
D:1 (


Innate Abilities, Weirdness & Mutations

You can wield a second weapon in your off-hand.
It takes a long time for you to wield or remove held weapons.
Your first few attacks do less damage.
You cannot equip rings or amulets.


Message History

Your surroundings suddenly seem different.
A hobgoblin comes into view.
Found a stone staircase leading down.
A hobgoblin is nearby!
Unknown command.
You shoot a sling bullet. The sling bullet hits the hobgoblin.
The hobgoblin shouts!
The hobgoblin is moderately wounded.
You shoot a sling bullet.
The sling bullet barely misses the hobgoblin.
You shoot a sling bullet. The sling bullet hits the hobgoblin.
You kill the hobgoblin!
You shoot a sling bullet.
Unknown command.
No target in view!
Unknown command.
Found 4 stones.
No target in view!
Unknown command.
You see here a hobgoblin corpse.
An orc comes into view. It is wielding a +0 short sword.
An orc is nearby!
An orc is nearby!
An orc is nearby!
You shoot a sling bullet. The orc shouts!
The sling bullet hits the orc.
The orc is heavily wounded.
You shoot a sling bullet. The sling bullet hits the orc.
You kill the orc!
Unknown command.
No target in view!
Unknown command.
Found a rapier.
No target in view!
Unknown command.
An ogre comes into view. It is wielding a +0 giant club.
The ogre hits you with a +0 giant club!!!
Ouch! That really hurt!
You die...

#.# ##.# .# ##... .#
#.#.# ####.# #.#.#
#....# #.#.#
...####...###########...
......O.................
###@..#.#########...
#.......# ##.# #.#.###.#
#.# #)#...#># #.#
#.###.#.# #.....
#.#.###†#.# #.##.#
#.........# # ..#
###.(.....# .##
#####.### ..


You could see an ogre.

Vanquished Creatures
  2 dart slugs (D:1)
  An orc (D:4)
  2 ball pythons (D:1)
  3 bats (D:1)
  3 endoplasms (D:1)
  A giant cockroach (D:1)
  6 hobgoblins
  A kobold (D:1)
  A quokka (D:1)
  2 frilled lizards (D:1)
  5 rats (D:1)
27 creatures vanquished.

Notes
Turn   | Place    | Note
-------+----------+-------------------------------------------
     0 | D:1      | Biggs the Coglin Hunter began the quest for the Orb.
     0 | D:1      | Reached XP level 1. HP: 16/16 MP: 1/1
    46 | D:1      | Found Eckiklei's Antique Weapon Emporium.
    59 | D:1      | Reached skill level 4 in Ranged Weapons
    59 | D:1      | Reached XP level 2. HP: 21/22 MP: 2/2
   284 | D:1      | Reached XP level 3. HP: 27/27 MP: 3/3
   462 | D:2      | You fall into a shaft and drop 2 floors!
   499 | D:4      | Noticed an ogre
   499 | D:4      | Mangled by an ogre

Illustrated notes

Levels and vault maps discovered:
D:1:      ncdulo_watergridlock, layout_rooms, serial_shops, shop, st_stairs_5,
          fountainhead
D:2:      layout_loops_ring, hangedman_abyss_or_decor_lesser_grid
D:4:      layout_loops_corners, dreamdust_mushroom_princess,
          nicolae_twisty_statue_hallways, uniq_duvessa

Skill      XL: |  1 |
---------------+----+-----
Ranged Weapons | 4 |  4.6
Fighting       | |  2.0
Dodging        | |  1.7
Stealth        | |  0.7

Action                     || total
---------------------------++-------
   Fire: Sling             ||    88
 Armour: Leather armour    ||     5
  Dodge: Dodged            ||     4

Table legend: (Time is in decaauts)
 A = Elapsed time spent in this place.
 B = Non-inter-level travel time spent in this place.
 C = Inter-level travel time spent in this place.
 D = Time resting spent in this place.
 E = Time spent auto-exploring this place.
 F = Levels seen in this place.
 G = Mean time per level.
                   A        B        C        D        E       F      G
               +--------+--------+--------+--------+--------+-----+--------+
         Total |    510 |    487 |     23 |      0 |    391 |   3 |  170.0 |
       Dungeon |    510 |    487 |     23 |      0 |    391 |   3 |  170.0 |
               +--------+--------+--------+--------+--------+-----+--------+

Top non-repeatable levels by time:
     D:1: 461 daAuts
     D:4: 37 daAuts
     D:2: 11 daAuts
